 Dungeon Crawl Stone Soup version 0.21.1-1-g345015f (webtiles) character file.

158 Fang the Chopper (level 5, -2/49 HPs)
             Began as a Gargoyle Berserker on Apr 27, 2018.
             Was a Believer of Trog.
             Slain by a bullfrog zombie (5 damage)
             ... on level 3 of the Dungeon.
             The game lasted 00:02:44 (2084 turns).

Fang the Chopper (Gargoyle Berserker)               Turns: 2084, Time: 00:02:44

Health: -2/49      AC:  6    Str: 26    XL:     5   Next: 40%
Magic:  5/5        EV: 12    Int:  8    God:    Trog [**....]
Gold:   97         SH:  0    Dex:  9    Spells: 4/4 levels left

rFire    . . .     SeeInvis .   a - +0 hand axe
rCold    . . .     Gourm    .   (no shield)
rNeg     + . .     Faith    .   b - +0 animal skin
rPois    ∞         Spirit   .   (no helmet)
rElec    +         Reflect  .   (no cloak)
rCorr    .         Harm     .   (no gloves)
MR       +....                  (no boots)
Stlth    ..........             i - amulet of regeneration
HPRegen  0.56/turn              f - ring of protection from magic
MPRegen  0.09/turn              h - ring of flight

@: berserking, very quick
A: negative energy resistance 1, electricity resistance, unbreathing,
petrification resistance, rot immunity, AC +4
a: Berserk, Trog's Hand, Burn Spellbooks, Renounce Religion, Evoke Flight


You were on level 3 of the Dungeon.
You worshipped Trog.
Trog was pleased with you.
You were very hungry.

You visited 1 branch of the dungeon, and saw 3 of its levels.

You collected 97 gold pieces.

Inventory:

Hand Weapons
 a - a +0 hand axe (weapon)
Armour
 b - a +0 animal skin (worn)
Jewellery
 f - a ring of protection from magic (left hand)
 h - a ring of flight (right hand)
 i - an amulet of regeneration (around neck)
 m - an uncursed ring of see invisible
Wands
 q - a wand of random effects (42)
Scrolls
 d - a scroll of identify
 k - 2 scrolls of fear
 l - a scroll of fog
Potions
 e - a potion of berserk rage
 g - a potion of lignification {unknown}
 j - a potion of degeneration {unknown}
 n - 2 potions of mutation {unknown}
 o - a potion of might {unknown}
 p - 2 potions of haste {unknown}
 r - a potion of flight {unknown}
 s - a potion of agility {unknown}
 t - a potion of resistance {unknown}
Comestibles
 c - 5 rations


   Skills:
 + Level 4.1 Fighting
 + Level 4.1 Axes
 + Level 2.5 Armour
 + Level 2.5 Dodging
 + Level 0.8 Stealth


You had 4 spell levels left.
You didn't know any spells.

Dungeon Overview and Level Annotations

Branches:
Dungeon (3/15)

Altars:
Hepliaklqana
Wu Jian

Annotations:
D:3 Terence


Innate Abilities, Weirdness & Mutations

You are resistant to torment.
Your stone body is resilient. (AC +4)
You are immune to poison.
You resist negative energy. (rN+)
You are resistant to electric shocks. (rElec)
You can survive without breathing.
You are immune to petrification.
You are immune to rotting.


Message History

You are feeling very hungry.
The bullfrog zombie hits you.
* * * LOW HITPOINT WARNING * * *
Terence hits you with a flail!
* * * LOW HITPOINT WARNING * * *
The bullfrog zombie closely misses you.
You slash Terence!
Terence is heavily wounded.
You slash the bullfrog zombie! Terence hits you with a flail.
* * * LOW HITPOINT WARNING * * *
The bullfrog zombie hits you but does no damage.
Unknown command.
You completely miss Terence.
Terence is heavily wounded.
You barely miss the bullfrog zombie. The bullfrog zombie misses you.
You hit Terence.
Terence is heavily wounded.
You hit the bullfrog zombie. Terence barely misses you.
The bullfrog zombie hits you.
You die...

#.......# .....#
#..###..###.....#
#...##....[.....#
#.#.##..........#
#.#..##..###....####
#####...................
....####....#...........
.... ##...#.)..Z......
.... #...#...@@......
.... ##..#...).......
.... #..#...........
.... #..#...........
.... #..#...........
#### #..############
.... ##.. ...


You could see Terence and a bullfrog zombie.

Vanquished Creatures
  Ijyb (D:3)
  7 adders
  7 dart slugs
  2 leopard geckos
  4 giant cockroaches
  7 goblins
  10 hobgoblins
  4 jackals (D:3)
  2 bats
  2 frilled lizards
  3 kobolds
  4 rats
53 creatures vanquished.

Notes
Turn   | Place    | Note
-------+----------+-------------------------------------------
     0 | D:1      | Fang the Gargoyle Berserker began the quest for the Orb.
     0 | D:1      | Reached XP level 1. HP: 14/14 MP: 1/1
    70 | D:1      | Reached XP level 2. HP: 11/19 MP: 2/2
   458 | D:1      | HP: 1/20 [giant cockroach (2)]
   471 | D:1      | HP: 1/20 [giant cockroach (1)]
  1156 | D:1      | Reached XP level 3. HP: 24/24 MP: 3/3
  1561 | D:2      | Reached XP level 4. HP: 27/29 MP: 4/4
  1589 | D:2      | Found a hazy altar of Hepliaklqana.
  1613 | D:2      | Found an ornate altar of the Wu Jian Council.
  1649 | D:2      | Reached ** piety under Trog
  1885 | D:3      | Noticed Ijyb
  1898 | D:3      | Killed Ijyb
  1898 | D:3      | Reached XP level 5. HP: 33/33 MP: 5/5
  2067 | D:3      | Noticed Terence
  2082 | D:3      | HP: 2/49 [Terence/flail (5)]
  2084 | D:3      | Slain by a bullfrog zombie

Skill      XL: |  1  2  3  4  5 |
---------------+----------------+-----
Axes           | 3 4 |  4.1
Dodging        | 2 |  2.5
Fighting       | 4 |  4.1
Armour         | |  2.5
Stealth        | |  0.8

Action                   |  1- 3 |  4- 6 || total
-------------------------+-------+-------++-------
Melee: Hand axe          |   113 |    95 ||   208
Invok: Berserk           |     1 |     2 ||     3
  Use: Scroll            |       |     6 ||     6
  Eat: Chunk             |     3 |     2 ||     5
Armor: Animal skin       |    33 |    39 ||    72
Dodge: Dodged            |    81 |    71 ||   152
